 Dungeon Crawl Stone Soup version 0.28.0-53-g5a82cb258f (webtiles) character file.

Game seed: 9384790828973501815

74 DocClef the Firebug (level 4, -2/32 HPs)
             Began as a Gnoll Fire Elementalist on July 12, 2022.
             Slain by an orc
             ... wielding a +0 hand axe
              (5 damage)
             ... on level 3 of the Dungeon.
             The game lasted 00:02:24 (2990 turns).

DocClef the Firebug (Gnoll Fire Elementalist)       Turns: 2990, Time: 00:02:24

Health: -2/32      AC:  3    Str:  7    XL:     4   Next: 30%
Magic:  2/11       EV: 13    Int: 16    God:
Gold:   260        SH:  0    Dex: 13    Spells: 12/13 levels left

rFire   . . .      SeeInvis .   f - +2 dagger (venom)
rCold   . . .      Faith    .   (no shield)
rNeg    . . .      Spirit   .   a - +0 robe
rPois   +          Reflect  .   (no helmet)
rElec   .          Harm     .   (no cloak)
rCorr   .          Rampage  .   p - +0 pair of gloves
Will    .....                   (no boots)
Stlth   +++.......              (no amulet)
HPRegen 0.10/turn               q - ring of poison resistance
MPRegen 0.12/turn               (no ring)

@: no status effects
A: fangs 1, strong nose, distributed training
a: no special abilities


You were on level 3 of the Dungeon.
You visited 1 branch of the dungeon, and saw 3 of its levels.

You collected 260 gold pieces.

Inventory:

Hand Weapons
 f - a +2 dagger of venom (weapon)
Missiles
 o - 2 throwing nets
Armour
 a - a +0 robe (worn)
 p - a +0 pair of gloves (worn)
Jewellery
 q - a ring of poison resistance (left hand)
Scrolls
 d - a scroll of immolation {unknown}
 e - 3 scrolls of identify {unknown}
 g - 2 scrolls of teleportation {unknown}
 i - a scroll of blinking {unknown}
 l - a scroll of holy word {unknown}
 m - a scroll of fog {unknown}
 n - a scroll of fear {unknown}
Potions
 b - 2 potions of curing {unknown}
 c - 2 potions of haste {unknown}
 h - a potion of magic {unknown}
 j - 2 potions of lignification {unknown}
 k - a potion of flight {unknown}


   Skills:
 + Level 1.1 Fighting
 + Level 1.1 Short Blades
 + Level 1.1 Long Blades
 + Level 1.1 Axes
 + Level 1.1 Maces & Flails
 + Level 1.1 Polearms
 + Level 1.1 Staves
 + Level 1.1 Slings
 + Level 1.1 Bows
 + Level 1.1 Crossbows
 + Level 1.1 Throwing
 + Level 1.1 Armour
 + Level 4.6 Dodging
 + Level 4.2 Stealth
 + Level 1.1 Shields
 + Level 1.1 Unarmed Combat
 + Level 5.0 Spellcasting
 + Level 2.2 Conjurations
 + Level 0.8 Hexes
 + Level 0.8 Summonings
 + Level 0.8 Necromancy
 + Level 0.8 Translocations
 + Level 0.8 Transmutations
 + Level 5.4 Fire Magic
 + Level 0.8 Ice Magic
 + Level 0.8 Air Magic
 + Level 0.8 Earth Magic
 + Level 0.8 Poison Magic
 + Level 1.2 Invocations
 + Level 1.1 Evocations


You had 12 spell levels left.
You knew the following spells:

 Your Spells              Type           Power      Damage    Failure   Level
a - Foxfire               Conj/Fire      64%        2x1d7     3%          1

Your spell library contained the following spells:

 Spells                   Type           Power      Damage    Failure   Level
 Scorch                   Fire           42%        2d7       2%          2
 Conjure Flame            Conj/Fire      16%        6-21      10%         3
 Sting                    Tmut/Pois      24%        1d4       11%         1
 Summon Small Mammal      Summ           24%        N/A       11%         1
 Inner Flame              Hex/Fire       14%        N/A       12%         3
 Ensorcelled Hibernation  Hex/Ice        12%        N/A       16%         2
 Poisonous Vapours        Pois/Air       12%        N/A       16%         2
 Flame Wave               Conj/Fire      16%        2d6       30%         4
 Call Canine Familiar     Summ           6%         N/A       32%         3
 Spider Form              Tmut/Pois      6%         N/A       32%         3
 Summon Guardian Golem    Hex/Summ       6%         N/A       32%         3
 Anguish                  Hex/Necr       3%         N/A       71%         4
 Olgreb's Toxic Radiance  Pois           6%         N/A       71%         4


Dungeon Overview and Level Annotations

Branches:
Dungeon (3/15)

Altars:

Shops:
D:2 =


Innate Abilities, Weirdness & Mutations

You have very sharp teeth.
Your uncanny sense of smell can sniff out nearby items.
Your experience applies equally to all skills.


Message History

The orc is severely wounded.
The orc hits you with a +0 hand axe.
* * * LOW HITPOINT WARNING * * *
You closely miss the orc. You bite the orc, but do no damage.
The orc is severely wounded.
The orc hits you with a +0 hand axe.
* * * LOW HITPOINT WARNING * * *
Unknown command.
You hit the orc but do no damage. You punch the orc, but do no damage.
The orc is severely wounded.
The orc barely misses you.
You are too injured to fight recklessly!
Casting: Foxfire (safe; 3% risk of failure)
Confirm with . or Enter, or press ? or * to list all spells.
You conjure some foxfire!
The orc closely misses you.
The orc hits your foxfire with a +0 hand axe.
Unknown command.
You closely miss the orc. You bite the orc, but do no damage.
The orc is severely wounded.
The foxfire hits the orc but does no damage.
The orc is severely wounded.
The foxfire hits the orc but does no damage.
The orc is severely wounded.
The orc hits you with a +0 hand axe.
* * * LOW HITPOINT WARNING * * *
Casting: Foxfire (safe; 3% risk of failure)
Confirm with . or Enter, or press ? or * to list all spells.
You conjure some foxfire!
The orc closely misses you.
The orc hits your foxfire with a +0 hand axe.
You closely miss the orc.
The orc is heavily wounded.
The foxfire hits the orc but does no damage.
The orc is heavily wounded.
The foxfire hits the orc.
The orc is severely wounded.
Unknown command.
Casting: Foxfire (safe; 3% risk of failure)
Confirm with . or Enter, or press ? or * to list all spells.
You conjure some foxfire!
The orc hits you with a +0 hand axe.
You die...

#### ######### #...
........# #... ........#
#... ........# #...
........# #...
......o.#############...
......†@v...............
......§v#############...
........# #...
........######## #...
........##....÷### #.##
###.######.###...## #.#
#.#......# ###..###.#
#.#..>...# ##...#.#
#####.#......# ##....##


You could see an orc (ally target).

Vanquished Creatures
  3 adders (D:3)
  A worm (D:3)
  A dart slug (D:1)
  3 bats
  7 endoplasms
  4 giant cockroaches (D:1)
  5 goblins (D:1)
  5 hobgoblins
  4 quokkas
  A ball python (D:1)
  4 frilled lizards
  A kobold (D:1)
  A rat (D:1)
40 creatures vanquished.

Vanquished Creatures (others)
  202 foxfires
  2 fungi (D:1)
204 creatures vanquished.

Grand Total: 244 creatures vanquished

Notes
Turn   | Place    | Note
-------+----------+-------------------------------------------
     0 | D:1      | DocClef the Gnoll Fire Elementalist began the quest for the
                  | Orb.
     0 | D:1      | Reached XP level 1. HP: 13/13 MP: 6/6
   389 | D:1      | Reached XP level 2. HP: 19/19 MP: 5/7
  1150 | D:1      | Reached XP level 3. HP: 25/25 MP: 2/9
  1251 | D:1      | Reached skill level 5 in Spellcasting
  2059 | D:2      | Reached skill level 1 in Invocations
  2152 | D:2      | Found Bimuf's Jewellery Shoppe.
  2869 | D:3      | Found a faded altar of an unknown god.
  2903 | D:3      | Reached skill level 1 in Fighting
  2903 | D:3      | Reached skill level 1 in Short Blades
  2903 | D:3      | Reached skill level 1 in Long Blades
  2903 | D:3      | Reached skill level 1 in Axes
  2903 | D:3      | Reached skill level 1 in Maces & Flails
  2903 | D:3      | Reached skill level 1 in Polearms
  2903 | D:3      | Reached skill level 1 in Staves
  2903 | D:3      | Reached skill level 1 in Slings
  2903 | D:3      | Reached skill level 1 in Bows
  2903 | D:3      | Reached skill level 1 in Crossbows
  2903 | D:3      | Reached skill level 1 in Throwing
  2903 | D:3      | Reached skill level 1 in Armour
  2903 | D:3      | Reached skill level 1 in Shields
  2903 | D:3      | Reached skill level 1 in Unarmed Combat
  2903 | D:3      | Reached skill level 1 in Evocations
  2977 | D:3      | Reached XP level 4. HP: 24/32 MP: 6/11
  2990 | D:3      | Slain by an orc

Illustrated notes

Levels and vault maps discovered:
D:1:      dpeg_cavernosity, layout_basic
D:2:      layout_basic, serial_shops, shop_coins, minmay_misc_feat_tower
D:3:      layout_rooms, basic_ecumenical_altar

Skill      XL: |  1  2  3 |
---------------+----------+-----
Conjurations   | 2 |  2.2
Spellcasting   | 5 |  5.0
Invocations    | 1 |  1.2
Fighting       | 1 |  1.1
Short Blades   | 1 |  1.1
Long Blades    | 1 |  1.1
Axes           | 1 |  1.1
Maces & Flails | 1 |  1.1
Polearms       | 1 |  1.1
Staves         | 1 |  1.1
Slings         | 1 |  1.1
Bows           | 1 |  1.1
Crossbows      | 1 |  1.1
Throwing       | 1 |  1.1
Armour         | 1 |  1.1
Shields        | 1 |  1.1
Unarmed Combat | 1 |  1.1
Evocations     | 1 |  1.1
Dodging        | |  4.6
Stealth        | |  4.2
Hexes          | |  0.8
Summonings     | |  0.8
Necromancy     | |  0.8
Translocations | |  0.8
Transmutations | |  0.8
Fire Magic     | |  5.4
Ice Magic      | |  0.8
Air Magic      | |  0.8
Earth Magic    | |  0.8
Poison Magic   | |  0.8

Action                   |  1- 3 |  4- 6 || total
-------------------------+-------+-------++-------
Melee: Unarmed           |     4 |       ||     4
       Dagger            |    10 |     8 ||    18
       Bite              |     2 |     3 ||     5
       Punch             |       |     1 ||     1
 Cast: Foxfire           |   123 |     6 ||   129
 Stab: Sleeping          |     2 |       ||     2
Armor: Robe              |     2 |     1 ||     3
Dodge: Dodged            |     8 |     5 ||    13
